 Dungeon Crawl Stone Soup version 0.20-a0-945-g3bf614a (webtiles) character file.

286 Alarkh the Insei (level 6, -1/44 HPs)
             Began as a Demonspawn Skald on Apr 1, 2017.
             Slain by a phantom (4 damage)
             ... on level 4 of the Dungeon.
             The game lasted 00:04:20 (4285 turns).

Alarkh the Insei (Demonspawn Skald)                 Turns: 4285, Time: 00:04:20

Health: -1/44      AC:  3    Str: 16    XL:     6   Next: 8%
Magic:  9/9        EV: 12    Int: 16    God:
Gold:   129        SH:  0    Dex: 13    Spells: 4/9 levels left

rFire    . . .     SeeInvis .     - Unarmed
rCold    . . .     Gourm    .   (no shield)
rNeg     . . .     Faith    .   a - +0 leather armour
rPois    .         Spirit   .   (no helmet)
rElec    .         Reflect  .   (no cloak)
rCorr    .         Harm     .   (no gloves)
MR       .....                  (no boots)
Stlth    +.........             (no amulet)
Regen    0.2/turn               (no ring)
MPRegen  0.2/turn               (no ring)

@: mighty
A: talons 2, demonic guardian 1, powered by death 1
a: no special abilities


You were on level 4 of the Dungeon.
You were very hungry.

You visited 1 branch of the dungeon, and saw 4 of its levels.

You collected 129 gold pieces.

Inventory:

Armour
 a - a +0 leather armour (worn)
Scrolls
 h - a scroll of immolation {unknown}
 i - 8 scrolls of identify {unknown}
 l - a scroll of recharging {unknown}
 o - a scroll of amnesia
 p - a scroll of remove curse
 q - a scroll of fear {unknown}
 u - a scroll of enchant weapon {unknown}
 x - 2 scrolls of teleportation {unknown}
Potions
 d - a potion of ambrosia {unknown}
 e - a potion of cancellation
 f - a potion of haste {unknown}
 g - a potion of berserk rage {unknown}
 j - a potion of resistance {unknown}
 k - a potion of degeneration {unknown}
 m - a potion of agility {unknown}
 r - a potion of mutation {unknown}
 s - a potion of magic {unknown}
 t - a potion of lignification {unknown}
Books
 b - a book of Battle

   Spells                             Type                      Level
   a - Infusion                       Charms                       1
   b - Shroud of Golubria             Charms/Translocation         2
   c - Song of Slaying                Charms                       2
   d - Spectral Weapon                Hexes/Charms                 3
   e - Regeneration                   Charms/Necromancy            3
 w - a book of Maledictions

   Spells                             Type                      Level
   a - Corona                         Hexes                        1
   b - Ensorcelled Hibernation        Hexes/Ice                    2
   c - Confuse                        Hexes                        3
   d - Tukima's Dance                 Hexes                        3
   e - Dazzling Spray                 Conjuration/Hexes            3
Comestibles
 c - 2 bread rations
 z - a fruit
 A - a royal jelly


   Skills:
 - Level 2.0 Fighting
 - Level 0.8 Armour
 - Level 1.7 Dodging
 + Level 5.9 Unarmed Combat
 - Level 2.0 Spellcasting
 - Level 2.6 Charms


You had 4 spell levels left.
You knew the following spells:

 Your Spells              Type           Power        Failure   Level  Hunger
a - Regeneration          Chrm/Necr      #.........   52%         3    ###....
e - Shroud of Golubria    Chrm/Tloc      #.........   24%         2    ###....


Dungeon Overview and Level Annotations

Branches:
Dungeon (4/15)
 Temple: D:4-7

Altars:
Ashenzari
Hepliaklqana

Annotations:
D:4 Sigmund


Innate Abilities, Weirdness & Mutations

You have razor-sharp toenails.
A weak demonic guardian rushes to your aid.
You regenerate a little health from kills.


Message History

Your shadow imp gestures at something.
You closely miss something. You claw something! Something hits you!
* * * LOW HITPOINT WARNING * * *
Your shadow imp closely misses something.
You feel better.
Your shadow imp hits something but does no damage.
A scorpion comes into view.
You are feeling very hungry.
As you read the scroll labeled PYBROPPIXEM, it crumbles to dust.
It is a scroll of amnesia.
Forget which spell ([?*] list [ESC] exit)?
Forget which spell ([?*] list [ESC] exit)?
Your memory of Infusion unravels.
Something hits you!
* * * LOW HITPOINT WARNING * * *
As you read the scroll labeled WOYXZY XEEM, it crumbles to dust.
You feel blessed for a moment.
It was a scroll of remove curse.
Something hits you but does no damage. The scorpion closely misses you.
The phantom hits you.
You die...

#.# .. #..# #.#
....###..###### #>#
......... ..# #.#
#........# #.# #.# #.
......####.####.#
##..#.##............#
...#.##.#####.######
####.#...s@......######
........5.W..##.......#
#####....#.######.####.#
#.......##.## #.# #.#
#...........# #.# #.#
......####.## #.# #<#
#####.. #.# #.# #.#
.....5##.# #.# #.#
#....)..# #.# #.#


You could see a phantom, a scorpion and a friendly white imp.

Vanquished Creatures
  A worker ant (D:4)
  3 adders
  4 oozes
  3 worms
  3 leopard geckos
  An orc (D:3)
  3 giant cockroaches
  10 hobgoblins
  3 jackals (D:1)
  A quokka (D:2)
  8 bats
  2 frilled lizards
  5 goblins
  6 kobolds
  8 rats
  2 toadstools (D:1)
63 creatures vanquished.

Vanquished Creatures (collateral kills)
  Eustachio (D:4)
  2 hounds (D:3)
  A hobgoblin (D:3)
4 creatures vanquished.

Vanquished Creatures (others)
  2 toadstools (D:1)
2 creatures vanquished.

Grand Total: 69 creatures vanquished

Notes
Turn   | Place    | Note
-------+----------+-------------------------------------------
     0 | D:1      | Alarkh the Demonspawn Skald began the quest for the Orb.
     0 | D:1      | Reached XP level 1. HP: 16/16 MP: 3/3
   313 | D:1      | Reached skill level 2 in Unarmed Combat
   738 | D:1      | Gained mutation: You regenerate a little health from kills. [demonic ancestry]
   738 | D:1      | Reached XP level 2. HP: 22/22 MP: 5/5
  1040 | D:1      | Reached skill level 3 in Unarmed Combat
  1175 | D:1      | Gained mutation: You have sharp toenails. [demonic ancestry]
  1175 | D:1      | Reached XP level 3. HP: 23/27 MP: 0/6
  1595 | D:2      | Found a hazy altar of Hepliaklqana.
  2250 | D:2      | Found a faded altar of an unknown god.
  2634 | D:3      | Gained mutation: A weak demonic guardian rushes to your aid. [demonic ancestry]
  2634 | D:3      | Reached XP level 4. HP: 31/33 MP: 7/7
  2676 | D:3      | Reached skill level 4 in Unarmed Combat
  2681 | D:3      | Found a shattered altar of Ashenzari.
  3012 | D:3      | Learned a level 2 spell: Shroud of Golubria
  3016 | D:3      | Learned a level 3 spell: Regeneration
  3742 | D:4      | Reached XP level 5. HP: 38/38 MP: 8/8
  4076 | D:4      | Reached skill level 5 in Unarmed Combat
  4256 | D:4      | Noticed Eustachio
  4260 | D:4      | Noticed Sigmund
  4260 | D:4      | Noticed a phantom
  4267 | D:4      | Killed Eustachio
  4267 | D:4      | Gained mutation: You have razor-sharp toenails. [demonic ancestry]
  4267 | D:4      | Reached XP level 6. HP: 29/44 MP: 9/9
  4285 | D:4      | Slain by a phantom

Vault maps used:
D:1:      ldierk_water_garden, minivault_5
D:2:      nicolae_overflow_crystal_walls, chequers_ecumenical_altar_grove
D:3:      corexii_shack_village, evilmike_ruin_ashenzari
D:4:      uniq_eustachio, uniq_sigmund

Skill      XL: |  1  2  3  4  5 |
---------------+----------------+-----
Unarmed Combat | 2 3 4 5 |  5.9
Fighting       | |  2.0
Armour         | |  0.8
Dodging        | |  1.7
Spellcasting   | |  2.0
Charms         | |  2.6

Action                   |  1- 3 |  4- 6 || total
-------------------------+-------+-------++-------
Melee: Unarmed           |   201 |   103 ||   304
       Kick              |    21 |    22 ||    43
       Punch             |     1 |     1 ||     2
 Cast: Infusion          |    12 |       ||    12
       Regeneration      |       |     2 ||     2
       Shroud of Golubri |       |     2 ||     2
  Use: Potion            |     2 |     4 ||     6
       Scroll            |       |     2 ||     2
  Eat: Chunk             |     6 |     5 ||    11
Armor: Leather armour    |    73 |    17 ||    90
Dodge: Dodged            |   126 |    65 ||   191
